Map: Frost LE

Players

ShoWTimE

  • Race: Protoss Protoss

Snute - Winner!

  • Race: Zerg Zerg

Event: WCS Copa Intercontinental

VOD

Have the link to the VOD?

Description

Time

  • Played on: Sept. 11, 2016, 7:26 p.m.
  • Length: 17:18

All games in this series

Show
View Real Time Build Order
Export as new Build Order

ShoWTimE Protoss 

Build Orders: Nexus First 

Get SALT Encoding   

  12  0:01  Probe (Chrono Boost)  
  13  0:11  Probe (Chrono Boost)  
  14  0:19  Pylon  
  14  0:22  Probe (Chrono Boost)  
  15  0:37  Probe (Chrono Boost)  
  16  0:47  Probe (Chrono Boost)  
  17  1:00  Nexus  
  17  1:04  Probe (Chrono Boost)  
  18  1:14  Gateway  
  18  1:17  Probe (Chrono Boost)  
  19  1:25  Assimilator  
  19  1:28  Probe (Chrono Boost)  
  19  1:31  Assimilator  
  20  1:38  Probe (Chrono Boost)  
  21  1:45  Gateway  
  21  1:49  Probe (Chrono Boost)  
  22  1:59  Probe (Chrono Boost)  
  23  2:01  Cybernetics Core  
  23  2:12  Probe (Chrono Boost)  
  23  2:14  Probe (Chrono Boost)  
  25  2:23  Probe (Chrono Boost)  
  25  2:25  Probe (Chrono Boost)  
  27  2:36  Probe (Chrono Boost), Adept  
  29  2:37  Probe (Chrono Boost)  
  29  2:39  Stalker  
  29  2:40  Pylon  
  33  2:46  Warp Gate  
  33  2:50  Probe (Chrono Boost)  
  35  2:52  Probe (Chrono Boost)  
  35  2:59  Twilight Council  
  35  3:01  Probe (Chrono Boost)  
  35  3:04  Probe (Chrono Boost)  
  37  3:13  Probe (Chrono Boost)  
  37  3:16  Robotics Facility  
  37  3:17  Probe (Chrono Boost)  
  39  3:22  Resonating Glaives  
  39  3:24  Probe (Chrono Boost)  
  40  3:28  Probe (Chrono Boost)  
  41  3:35  Probe (Chrono Boost)  
  41  3:38  Gateway  
  42  3:41  Gateway  
  42  3:44  Gateway  
  42  3:53  Gateway  
  42  3:57  Gateway  
  42  4:01  Gateway  
  42  4:02  Warp Prism  
  44  4:14  Mothership Core (Chrono Boost), Pylon  
  46  4:20  Pylon  
  46  4:39  Probe (Chrono Boost)  
  46  4:48  Adept  
  46  4:49  Adept x2  
  54  4:55  Pylon  
  52  5:02  Pylon  
  52  5:09  Adept x5  
  52  5:13  Adept  
  52  5:14  Adept x2  
  68  5:18  Pylon  
  68  5:21  Pylon  
  68  5:31  Adept x4  
  68  5:32  Adept  
  78  5:37  Adept x2  
  82  5:42  Adept  
  82  5:47  Pylon  
  84  5:50  Pylon  
  84  6:02  Adept  
  84  6:03  Adept x4  
  88  6:06  Adept  
  90  6:12  Dark Shrine  
  90  6:27  Probe x2 (Chrono Boost)  
  88  6:32  Assimilator  
  88  6:34  Assimilator  
  88  6:39  Probe x2 (Chrono Boost)  
  90  6:45  Pylon  
  90  6:49  Robotics Bay  
  90  6:51  Probe x2 (Chrono Boost)  
  90  6:53  Pylon  
  92  7:03  Blink  
  94  7:09  Probe x2 (Chrono Boost)  
  94  7:11  Adept  
  94  7:12  Adept  
  94  7:14  Observer, Pylon  
  98  7:17  Pylon  
  99  7:27  Nexus  
  99  7:28  Pylon  
  99  7:32  Disruptor  
  99  7:36  Probe x2 (Chrono Boost)  
  102  7:48  Stalker, Sentry x2  
  102  7:51  Pylon  
  102  7:52  Forge  
  102  7:55  Probe x2 (Chrono Boost)  
  104  8:05  Stalker x3  
  107  8:14  Disruptor  
  107  8:17  Probe (Chrono Boost)  
  107  8:18  Probe (Chrono Boost)  
  112  8:21  Pylon  
  112  8:28  Protoss Ground Weapons Level 1  
  112  8:29  Photon Cannon  
  112  8:32  Assimilator  
  112  8:33  Probe (Chrono Boost)  
  112  8:34  Assimilator, Probe (Chrono Boost)  
  114  8:39  Probe (Chrono Boost)  
  115  8:45  Stalker, Probe (Chrono Boost)  
  118  8:48  Disruptor  
  121  9:00  Stalker x3  
  127  9:06  Adept  
  127  9:07  Adept x2  
  112  9:21  Stalker x2  
  103  9:30  Adept  
  103  9:31  Adept x5  
  86  9:54  Adept x2  
  86  9:55  Adept x4  
  90  10:00  Disruptor  
  89  10:20  Nexus  
  89  10:21  Pylon  
  89  10:31  Disruptor  
  89  10:36  Sentry x2  
  94  10:45  Pylon  
  90  11:00  Sentry x2  
  90  11:03  Disruptor  
  90  11:18  Adept x3  
  96  11:29  Dark Templar  
  98  11:34  Adept  
  98  11:37  Probe (Chrono Boost)  
  98  11:39  Probe (Chrono Boost)  
  102  11:51  Sentry  
  102  11:52  Sentry x2  
  108  12:03  Sentry, Adept x3  
  116  12:09  Pylon  
  116  12:14  Pylon  
  116  12:20  Stalker  
  118  12:29  Stalker x2  
  122  12:36  Sentry  
  122  12:37  Sentry  
  115  12:46  Sentry  
  75  13:29  Stalker x2  
Show
View Real Time Build Order
Export as new Build Order

Snute Zerg - Winner!

Build Orders: Hatch First 

Get SALT Encoding   

  12  0:00  Drone  
  13  0:12  Overlord  
  13  0:17  Drone  
  14  0:30  Drone  
  14  0:31  Drone  
  14  0:34  Drone  
  17  0:52  Hatchery  
  17  0:55  Drone  
  17  0:58  Drone  
  17  1:01  Extractor  
  17  1:14  Spawning Pool  
  17  1:17  Drone  
  17  1:20  Drone  
  18  1:28  Drone  
  19  1:38  Overlord  
  19  1:50  Drone  
  20  2:00  Drone  
  20  2:01  Queen, Metabolic Boost  
  23  2:05  Drone  
  23  2:08  Queen  
  24  2:11  Drone  
  27  2:15  Drone  
  27  2:21  Drone  
  29  2:26  Drone  
  30  2:40  Drone, Hatchery  
  30  2:41  Overlord  
  30  2:44  Drone  
  30  2:48  Drone  
  32  2:53  Zergling x2  
  32  2:58  Zergling x2  
  35  3:05  Zergling x2  
  35  3:07  Evolution Chamber  
  35  3:08  Zergling x2  
  35  3:10  Drone x3  
  38  3:18  Overlord  
  38  3:19  Drone x3  
  41  3:23  Overlord  
  41  3:29  Drone  
  42  3:34  Drone  
  42  3:38  Drone  
  44  3:41  Drone x2  
  44  3:42  Drone  
  44  3:43  Zerg Melee Weapons Level 1  
  44  3:44  Drone  
  48  3:50  Drone x3  
  48  3:54  Roach Warren  
  48  3:55  Drone x2, Extractor  
  51  4:02  Queen  
  51  4:05  Queen  
  51  4:09  Spore Crawler, Drone  
  55  4:15  Overlord x2  
  55  4:28  Spore Crawler  
  54  4:35  Roach x7  
  68  4:39  Overlord  
  68  4:41  Roach  
  68  4:43  Zergling x2  
  68  4:44  Zergling x2  
  72  4:47  Roach  
  72  4:50  Overlord  
  72  4:52  Roach  
  76  4:56  Queen  
  76  4:59  Roach x2  
  82  5:00  Drone x2  
  82  5:01  Drone  
  82  5:02  Drone  
  86  5:09  Overlord  
  86  5:11  Roach x2  
  86  5:13  Roach  
  92  5:18  Zergling x8  
  96  5:23  Overlord  
  96  5:25  Zergling x2, Overlord  
  97  5:29  Roach x2  
  97  5:31  Zergling x2  
  97  5:33  Overlord  
  100  5:39  Baneling Nest  
  100  5:42  Roach x2  
  100  5:50  Zergling x12  
  106  5:57  Zergling x4  
  105  6:06  Ravager, Zergling x10  
  105  6:07  Zergling x2  
  105  6:08  Ravager  
  111  6:23  Roach  
  111  6:24  Roach x2  
  115  6:29  Zergling x4  
  115  6:30  Zergling x6  
  115  6:34  Zergling x2  
  116  6:40  Drone, Baneling x2  
  116  6:41  Baneling x2  
  116  6:42  Drone x2  
  116  6:43  Drone x3  
  116  6:45  Queen  
  123  6:49  Drone x3  
  123  6:51  Drone  
  127  7:04  Queen x2, Extractor  
  127  7:06  Extractor  
  129  7:10  Zergling x2  
  129  7:12  Overlord x2  
  129  7:15  Overlord  
  130  7:20  Overlord  
  130  7:28  Overlord x2  
  130  7:31  Lair  
  130  7:32  Zergling x16  
  130  7:33  Zergling x2  
  139  7:43  Drone x2  
  133  7:46  Pneumatized Carapace, Drone  
  133  7:47  Drone x2  
  133  7:51  Drone x3  
  138  7:55  Drone  
  138  7:56  Drone x3  
  141  8:02  Zergling x2  
  141  8:03  Zergling x8  
  141  8:11  Zergling x2  
  141  8:12  Zergling x2  
  137  8:19  Zergling x8  
  140  8:22  Ravager x6  
  140  8:25  Zergling x6  
  149  8:32  Zergling x2, Spine Crawler  
  149  8:33  Zergling x4  
  151  8:35  Baneling x6  
  151  8:39  Zergling x2  
  151  8:40  Zergling x2  
  153  8:42  Ravager  
  153  8:47  Zergling x12  
  159  8:58  Baneling x7  
  159  9:05  Zergling x10  
  118  9:20  Zergling x2  
  118  9:21  Zergling x14  
  116  9:31  Zergling x10  
  98  9:46  Zergling x2  
  98  9:47  Zergling x14  
  99  9:55  Drone  
  94  10:00  Drone x2  
  94  10:04  Zergling x2  
  86  10:11  Zergling x4  
  88  10:19  Roach x5  
  88  10:20  Spire  
  97  10:28  Zergling x2  
  98  10:34  Zergling x6  
  101  10:44  Drone x5  
  105  10:55  Drone x3  
  102  11:18  Extractor  
  98  11:19  Extractor  
  97  11:31  Mutalisk  
  97  11:32  Mutalisk x12  
  115  11:34  Zergling x10  
  115  11:36  Mutalisk  
  130  11:49  Mutalisk  
  130  11:53  Zergling x18  
  139  12:00  Mutalisk  
  137  12:06  Mutalisk x2  
  141  12:11  Zergling x6  
  144  12:17  Mutalisk x2  
  144  12:20  Spine Crawler  
  144  12:21  Hatchery  
  144  12:33  Zergling x2  
  144  12:34  Zergling x12  
  146  12:43  Mutalisk  
  146  12:44  Mutalisk x2  
  123  13:06  Mutalisk x3  
  127  13:18  Zergling x2  
Tags
 
Add a new tag
Caveats
  • Supply blocks, unpowered buildings, or Contaminate may cause inaccurate times.
  • Supply counts are checked every 10 seconds.